 Dungeon Crawl Stone Soup version 0.19.1 (webtiles) character file.

56 CanadianGator the Skirmisher (level 3, -2/33 HPs)
             Began as a Hill Orc Fighter on Nov 25, 2016.
             Slain by CanadianGator's ghost (14 damage)
             ... on level 3 of the Dungeon.
             The game lasted 00:03:03 (1926 turns).

CanadianGator the Skirmisher (Hill Orc Fighter)     Turns: 1926, Time: 00:03:04

Health: -2/33      AC:  7    Str: 19    XL:     3   Next: 95%
Magic:  3/3        EV:  7    Int:  8    God:
Gold:   120        SH:  9    Dex: 10    Spells: 0 memorised, 2 levels left

rFire  . . .     SeeInvis .     a - +0 war axe
rCold  . . .     Gourm    .     b - +0 scale mail
rNeg   . . .     Faith    .     c - +0 shield
rPois  .         Spirit   .     (no helmet)
rElec  .         Reflect  .     (no cloak)
rCorr  .         Harm     .     (no gloves)
MR     .....                    (no boots)
Stlth  ..........               l - amulet of regeneration
                                (no ring)
                                (no ring)

@: no status effects
A: no striking features
a: no special abilities


You were on level 3 of the Dungeon.
You were not hungry.

You visited 1 branch of the dungeon, and saw 3 of its levels.

You collected 120 gold pieces.

Inventory:

Hand Weapons
 a - a +0 war axe (weapon)
Armour
 b - a +0 scale mail (worn)
 c - a +0 shield (worn)
Jewellery
 l - an amulet of regeneration (around neck)
Wands
 p - a wand of digging (6/24)
Scrolls
 e - 2 scrolls of teleportation {unknown}
 g - a scroll of fear {unknown}
 h - 2 scrolls of remove curse {unknown}
 k - a scroll of amnesia {unknown}
 m - a scroll of noise {unknown}
 n - a scroll of enchant weapon {unknown}
Potions
 d - a potion of might
 o - a potion of berserk rage {unknown}
 r - a potion of agility {unknown}
 s - a potion of flight {unknown}
Comestibles
 f - 2 bread rations
 i - a beef jerky
 j - 2 fruits
 q - a slice of pizza


   Skills:
 + Level 4.1 Fighting
 * Level 4.0 Axes
 + Level 3.8 Armour
 + Level 0.7 Dodging
 - Level 3.3 Shields


You had 2 spell levels left.
You didn't know any spells.

Dungeon Overview and Level Annotations

Branches:
Dungeon (3/15)

Altars:
Cheibriados
Hepliaklqana
Xom

Annotations:
D:3 CanadianGator's ghost, amateur HOFi


Message History

You kill the giant cockroach!
You hit CanadianGator's ghost. CanadianGator's ghost stares at you.
CanadianGator's ghost hits you.
You block CanadianGator's ghost's attack.
You hit CanadianGator's ghost.
CanadianGator's ghost is lightly damaged.
CanadianGator's ghost hits you!
Your shield and scale mail prevent you from hitting CanadianGator's ghost.
CanadianGator's ghost is lightly damaged.
You block CanadianGator's ghost's attack.
You hit CanadianGator's ghost.
CanadianGator's ghost is lightly damaged.
CanadianGator's ghost ripples.
CanadianGator's ghost hits you!
CanadianGator's ghost closely misses you.
You closely miss CanadianGator's ghost.
CanadianGator's ghost is lightly damaged.
CanadianGator's ghost hits you!
You die...

#..# ##...# #..# #.###
#..####.# #.......# ###
#....^..####.###
#..............# #
#......).......####.#
#######........#....#..#
####........'@†.....#
#...........#W...!.##
#..................#
#.........<......#.#
#....#######.....# #
#....# #.....# ######
#.....# #!....#


You could see CanadianGator's ghost.

Vanquished Creatures
  An adder (D:2)
  3 worms (D:2)
  A dart slug (D:2)
  2 leopard geckos
  A ball python (D:2)
  4 bats
  3 giant cockroaches
  4 goblins
  4 hobgoblins
  3 kobolds
  2 quokkas
  2 frilled lizards
  2 rats
32 creatures vanquished.

Notes
Turn   | Place    | Note
-------+----------+-------------------------------------------
     0 | D:1      | CanadianGator the Hill Orc Fighter began the quest for the Orb.
     0 | D:1      | Reached XP level 1. HP: 19/19 MP: 1/1
   272 | D:1      | Reached XP level 2. HP: 26/27 MP: 2/2
  1000 | D:2      | Reached XP level 3. HP: 15/33 MP: 3/3
  1344 | D:2      | Found a shimmering altar of Xom.
  1345 | D:2      | Found a hazy altar of Hepliaklqana.
  1346 | D:2      | Noticed a spectral ugly thing
  1870 | D:3      | Found a snail-covered altar of Cheibriados.
  1916 | D:3      | Noticed CanadianGator's ghost (amateur HOFi)
  1926 | D:3      | Slain by CanadianGator's ghost

Skill      XL: |  1  2  3 |
---------------+----------+-----
Axes           | 3 4 |  4.0
Fighting       | 4 |  4.1
Armour         | |  3.8
Dodging        | |  0.7
Shields        | |  3.3

Action                   || total
-------------------------++-------
Melee: War axe           ||   132
  Eat: Chunk             ||     3
Armor: Scale mail        ||    74
Dodge: Dodged            ||    45
Block: Shield            ||    61
